 Dungeon Crawl Stone Soup version bcrawl-1.36.1 (webtiles) character file.

Game seed: 9975226521412263347

106097 Morbidden the Conjurer (level 3, 21/21 HPs)
             Began as a Fairy Conjurer on May 17, 2022.
             Quit the game on level 2 of the Dungeon.
             The game lasted 00:00:28 (871 turns).

Morbidden the Conjurer (Fairy Conjurer)              Turns: 871, Time: 00:00:28

Health: 21/21      AC:  4    Str:  6    XL:     3   Next: 2%
Magic:  9/9        EV: 16    Int: 19    God:
Gold:   62         SH:  4    Dex: 12    Spells: 7/8 levels left

rFire    . . .     SeeInvis .     - Fists (2.6)
rCold    . . .     Gourm    .   (shield restricted)
rNeg     . . .     Faith    .   (armour unavailable)
rPois    .         Spirit   .   (no helmet)
rElec    .         Reflect  .   (no cloak)
rCorr    .                      (no gloves)
MR       .....                  (no boots)
Stlth    +.........             c - amulet of inaccuracy (curse)
HPRegen  0.07/turn              (no ring)
MPRegen  0.11/turn              (no ring)

@: flying evasively, very slightly contaminated
A: small, magic attunement, unstealthy, unfitting armour, able to fly, AC/SH +4
a: Stop Flying


You were on level 2 of the Dungeon.
You were not hungry.

You visited 1 branch of the dungeon, and saw 2 of its levels.

You collected 62 gold pieces.

Inventory:

Jewellery
 c - a cursed amulet of inaccuracy (around neck)
Scrolls
 a - a scroll of remove curse {unknown}
 f - a scroll of teleportation {unknown}
Potions
 b - 2 potions of magic
 d - 3 potions of brilliance {unknown}
Comestibles
 e - 3 rations {!d}


   Skills:
 + Level 2.7 Dodging
 + Level 1.6 Stealth
 + Level 3.0 Spellcasting
 + Level 5.7 Conjurations


You had 7 spell levels left.
You knew the following spells:

 Your Spells              Type           Power        Failure   Level  Hunger
a - Magic Dart            Conj           ###.         1%          1    None

Your spell library contained the following spells:

 Spells                   Type           Power        Failure   Level  Hunger
 Searing Ray              Conj           ###.....     2%          2    None
 Iskenderun's Mystic Bla  Conj           ###.....     4%          3    None
 Fulminant Prism          Conj/Hex       ##........   43%         4    None
 Irradiate                Conj/Tmut      ##........   78%         5    None


Dungeon Overview and Level Annotations

Branches:
Dungeon (2/12)

Altars:
Zin


Innate Abilities, Weirdness & Mutations

Your spells do not cause hunger and MP costs are reduced by 1.
Your bright wings attract enemies. (Stealth-)
You cannot fit into any form of body armour.
Your shimmering scales are hard and can block incoming attacks. (AC +4, SH +4)
You are small and have problems with some larger weapons.
You can fly continuously.


Message History

Aim: a kobold, wielding a +0 whip The magic dart hits the kobold.
You kill the kobold!
Casting: Magic Dart (safe; 1% risk of failure)
Confirm with . or Enter, or press ? or * to list all spells.
You can't see any susceptible monsters within range! (Use Z to cast anyway.) HP restored.
Found a glowing silver altar of Zin.
Casting: Magic Dart (safe; 1% risk of failure)
Confirm with . or Enter, or press ? or * to list all spells.
You can't see any susceptible monsters within range! (Use Z to cast anyway.) No path to travel!
Casting: Magic Dart (safe; 1% risk of failure)
Confirm with . or Enter, or press ? or * to list all spells.
You can't see any susceptible monsters within range! (Use Z to cast anyway.)
Casting: Magic Dart (safe; 1% risk of failure)
Confirm with . or Enter, or press ? or * to list all spells.
You can't see any susceptible monsters within range! (Use Z to cast anyway.) No path to travel!
Are you sure you want to abandon this character and quit the game? (Confirm with "yes".)

#
##.#.##########
#.....@........
#.....#<.....).
#.....#...)####
.$..............
##.....#[...####
#...###.####
..... #.# ##._.
#.# #.#


There were no monsters in sight!

Vanquished Creatures
  A dart slug (D:1)
  A leopard gecko (D:1)
  A ball python (D:1)
  A bat (D:1)
  A goblin (D:1)
  3 hobgoblins (D:1)
  A quokka (D:1)
  3 frilled lizards (D:1)
  7 kobolds
  3 rats (D:1)
22 creatures vanquished.

Notes
Turn   | Place    | Note
-------+----------+-------------------------------------------
     0 | D:1      | Morbidden the Fairy Conjurer began the quest for the Orb.
     0 | D:1      | Reached XP level 1. HP: 11/11 MP: 6/6
    42 | D:1      | Reached skill level 5 in Conjurations
   154 | D:1      | Reached XP level 2. HP: 17/17 MP: 7/7
   867 | D:2      | Reached XP level 3. HP: 20/21 MP: 9/9
   870 | D:2      | Found a glowing silver altar of Zin.
   871 | D:2      | Quit the game

Skill      XL: |  1  2 |
---------------+-------+-----
Conjurations   | 5 |  5.7
Spellcasting   | 3 |  3.0
Dodging        | |  2.7
Stealth        | |  1.6

Action                   || total
-------------------------++-------
 Cast: Magic Dart        ||    35
Dodge: Dodged            ||     5
